Map: Prion Terraces

Players

LilDicky - Winner!

  • Race: Terran Terran
  • League: Diamond

KingRascal

  • Race: Terran Terran
  • League: Platinum

VOD

http://www.twitch.tv/tumescentpie

Description

Time

  • Played on: Nov. 26, 2015, 10:40 a.m.
  • Length: 4:17
Show
View Real Time Build Order
Export as new Build Order

LilDicky Terran - Winner!

Build Orders:  

Get SALT Encoding   

  12  0:02  SCV  
  13  0:14  SCV  
  13  0:17  Supply Depot  
  14  0:26  SCV  
  15  0:38  Refinery  
  15  0:39  SCV  
  16  0:45  Barracks  
  16  0:51  SCV  
  17  1:03  SCV  
  18  1:11  Refinery  
  18  1:15  SCV  
  19  1:21  Barracks  
  19  1:31  Reaper  
  20  1:33  Barracks  
  21  1:44  Orbital Command  
  20  1:54  Supply Depot  
  20  2:06  Reaper  
  21  2:09  Reaper  
  22  2:17  SCV  
  23  2:26  Supply Depot  
  23  2:27  Reaper  
  24  2:38  Reaper  
  25  2:46  Reaper  
  27  2:51  SCV  
  27  2:59  Reaper  
  28  3:10  Reaper  
  28  3:17  SCV  
  28  3:18  Reaper  
  30  3:31  Reaper  
  31  3:42  Reaper  
  32  3:49  SCV  
  32  3:52  Command Center  
  32  3:55  Supply Depot  
Show
View Real Time Build Order
Export as new Build Order

KingRascal Terran 

Build Orders: Reaper Expand 

Get SALT Encoding   

  12  0:01  SCV  
  13  0:13  SCV  
  14  0:23  Supply Depot  
  14  0:25  SCV  
  15  0:33  Refinery  
  15  0:44  SCV  
  15  0:45  Barracks  
  16  0:56  SCV  
  17  1:08  SCV  
  18  1:20  SCV  
  19  1:33  Orbital Command  
  19  1:34  Reaper  
  20  1:46  Command Center  
  20  1:56  Factory  
  20  1:59  SCV  
  21  2:08  Supply Depot  
  21  2:12  Barracks Reactor  
  21  2:14  SCV  
  22  2:27  SCV  
  23  2:31  Supply Depot  
  22  2:39  SCV  
  23  2:45  Hellion  
  23  2:49  Reaper x2  
  24  3:14  Hellion  
  24  3:19  Orbital Command  
  24  3:21  Reaper  
  24  3:43  Hellion  
Tags
 
Add a new tag
Caveats
  • Supply blocks, unpowered buildings, or Contaminate may cause inaccurate times.
  • Supply counts are checked every 10 seconds.